[Event "Marienbad A1-GM 2024"]
[Site "Marianske Lazne"]
[Date "2024.01.20"]
[Round "9.4"]
[White "Samani, Yamac"]
[Black "Natsidis, Christoph"]
[Result "0-1"]
[ECO "B41"]
[WhiteElo "2380"]
[BlackElo "2324"]
[Annotator "RC"]
[PlyCount "98"]
[EventDate "2024.01.10"]
[EventType "tourn"]
[EventCountry "CZE"]
[SourceTitle "playchess.com"]
[Source "ChessBase"]
[SourceQuality "1"]
[TimeControl "40/5400+30:1800+30"]

1. e4 c5 2. Nf3 e6 3. d4 cxd4 4. Nxd4 a6 5. a3 Nf6 6. Nc3 d6 7. Be3 b5 8. g4 Bb7 9. Bg2 Nfd7 10. g5 Ne5 11. h4 Nbd7 12. Rh3 Rc8 13. Bc1 h5 14. Rg3 g6 15. Bh3 Bg7 16. f4 Ng4 17. Nde2 Nc5 18. Be3 Nxe4 19. Nxe4 Bxe4 20. Bd4 Bxc2 21. Qd2 e5 22. Bc3 Bf5 23. Rd1 O-O 24. Qxd6 exf4 25. Qxd8 Rfxd8 26. Rxd8+ Rxd8 27. Nxf4 Bf8 28. Bxg4 Bxg4 29. Rd3 Rxd3 30. Nxd3 Be7 31. Bb4 Kf8 32. Kd2 Ke8 33. Bxe7 Kxe7 34. Ke3 Kd6 35. Kd4 a5 36. Nc5 Bf3 37. Nb3 a4 38. Nc5 Bg2 39. Nd3 Bf1 40. Nf4 Bc4 41. Ng2 Ke6 42. Ne3 f6 43. Ke4 fxg5 44. hxg5 Kd6 45. Kf4 Bd5 46. Nd1 Be6 47. Nc3 Kc5 48. Ke5 Bf5 49. Nd1 h4 0-1

[Event "Marienbad A1-GM 2024"]
[Site "Marianske Lazne"]
[Date "2024.01.20"]
[Round "9.5"]
[White "Neuman, Petr"]
[Black "Pang, Tao"]
[Result "1/2-1/2"]
[ECO "C10"]
[WhiteElo "2398"]
[BlackElo "2430"]
[Annotator "ChessBase"]
[PlyCount "30"]
[EventDate "2024.01.10"]
[EventType "tourn"]
[EventCountry "CZE"]
[SourceTitle "playchess.com"]
[Source "ChessBase"]
[SourceQuality "1"]
[TimeControl "40/5400+30:1800+30"]

1. e4 e6 2. d4 d5 3. Nd2 dxe4 4. Nxe4 Nd7 5. Nf3 Ngf6 6. Bd3 Nxe4 7. Bxe4 Nf6 8. Bg5 h6 9. Bxf6 gxf6 10. Qe2 c6 11. O-O-O Qc7 12. Kb1 Bd7 13. Nd2 O-O-O 14. Nc4 Kb8 15. Bf3 Bc8 1/2-1/2